 Dungeon Crawl Stone Soup version 0.29.1-2-gbd0b4ee654 (webtiles) character file.

Game seed: 11699287359362892900

209616 whiskeysaurus the Warrior (level 18, -13/174 (176) HPs)
             Began as a Hill Orc Monk on Nov 8, 2022.
             Was a High Priest of Beogh.
             Killed from afar by a deep elf annihilator (31 damage)
             ... with a poison arrow
             ... on level 3 of the Elven Halls on Nov 9, 2022.
             The game lasted 03:06:11 (51763 turns).

whiskeysaurus the Warrior (Hill Orc Monk)          Turns: 51763, Time: 03:06:11

HP:   -13/174 (176) AC: 32    Str: 29    XL:     18   Next: 82%
MP:   34/40         EV:  9    Int:  7    God:    Beogh [*****.]
Gold: 3286          SH: 12    Dex: 13    Spells: 17/17 levels left

rFire   . . .      SeeInvis .   o - +12 trident of Conservatism {vorpal, rC+ MP+9 Str+7 Int-3}
rCold   + + .      Faith    .   h - +0 kite shield {reflect}
rNeg    . . .      Spirit   .   g - +9 plate armour of Kykogu {Will+}
rPois   .          Reflect  +   T - +0 helmet
rElec   .          Harm     .   i - +0 cloak
rCorr   .          Rampage  .   (no gloves)
Will    ++...                   S - +1 pair of boots
Stlth   ..........              V - amulet of magic regeneration
HPRegen 0.39/turn               x - ring of protection from cold
MPRegen 0.67/turn               C - +4 ring of protection

@: lethally poisoned (-13 -> -38), corroded, glowing, lightly drained
A: walk on water
}: 1/15 runes: serpentine
a: Renounce Religion, Smiting, Recall Orcish Followers, Give Item to Named
Follower


You were on level 3 of the Elven Halls.
You worshipped Beogh.
Beogh was extremely pleased with you.
You visited 6 branches of the dungeon, and saw 30 of its levels.
You also visited: Ossuary and Bailey.

You collected 3831 gold pieces.
You spent 545 gold pieces at shops.

Inventory:

Hand Weapons
 o - the +12 trident of Conservatism (weapon) {vorpal, rC+ MP+9 Str+7 Int-3}
   (You found it on level 2 of the Dungeon)

   It inflicts extra damage upon your enemies.
   Str:       It affects your strength (+7).
   Int:       It affects your intelligence (-3).
   rC:        It protects you from cold.
   MP:        It affects your magic capacity (+9).
 L - a +3 halberd of venom
 Q - a +3 double sword of holy wrath
Missiles
 b - 39 boomerangs (quivered)
Armour
 g - the +9 plate armour of Kykogu (worn) {Will+}
   (You took it off a wight on level 8 of the Dungeon)

   Will:      It increases your willpower.
 h - a +0 kite shield of reflection (worn)
 i - a +0 cloak (worn)
 N - a +1 kite shield of cold resistance
 S - a +1 pair of boots (worn)
 T - a +0 helmet (worn)
Jewellery
 c - a ring of positive energy
 d - a ring of resist corrosion
 j - a ring of resist corrosion
 m - a +6 ring of dexterity
 t - a ring of poison resistance
 x - a ring of protection from cold (left hand)
 C - a +4 ring of protection (right hand)
 H - a ring of see invisible
 R - a ring of poison resistance
 V - an amulet of magic regeneration (around neck)
 Z - a ring of fire
Wands
 n - a wand of roots (7)
 s - a wand of flame (91)
 u - a wand of polymorph (15)
 y - a wand of digging (17)
 K - a wand of paralysis (3)
 U - a wand of mindburst (5)
Scrolls
 a - 6 scrolls of enchant weapon
 e - 2 scrolls of teleportation
 f - 21 scrolls of identify
 l - 5 scrolls of silence
 q - 4 scrolls of brand weapon
 v - 3 scrolls of amnesia
 w - a scroll of fear
 J - 5 scrolls of fog
 M - 2 scrolls of magic mapping
 O - 7 scrolls of enchant armour
 P - a scroll of blinking
 W - 2 scrolls of poison
Potions
 k - 5 potions of heal wounds
 p - 7 potions of curing
 r - a potion of invisibility
 z - 4 potions of lignification
 A - 2 potions of might
 B - 3 potions of resistance
 D - 6 potions of haste
 E - 2 potions of magic
 F - 4 potions of berserk rage
 G - 4 potions of cancellation
 I - 8 potions of flight
 X - 6 potions of brilliance
 Y - a potion of ambrosia


   Skills:
 + Level 19.0 Fighting
 - Level 4.8(14.0) Axes
 + Level 17.2(17.4) Polearms
 - Level 16.0 Armour
 + Level 5.7 Dodging
 - Level 1.5 Stealth
 + Level 13.4 Shields
 - Level 18.5 Invocations
 + Level 6.4 Evocations


You had 17 spell levels left.
You didn't know any spells.
Your spell library contained the following spells:

 Spells                   Type           Power      Damage    Failure   Level
 Beastly Appendage        Tmut           0%         N/A       99%         1
 Necrotise                Necr           0%         1d4       99%         1
 Blink                    Tloc           0%         N/A       100%        2
 Static Discharge         Conj/Air       0%         3-3/arc   100%        2
 Wereblood                Tmut           0%         N/A       100%        2
 Conjure Flame            Conj/Fire      0%         6-21      100%        3
 Frozen Ramparts          Ice            0%         1d1       100%        3
 Gell's Gravitas          Tloc           0%         N/A       100%        3
 Ignite Poison            Fire/Tmut/Pois 0%         N/A       100%        3
 Inner Flame              Hex/Fire       0%         N/A       100%        3
 Lesser Beckoning         Tloc           0%         N/A       100%        3
 Spider Form              Tmut/Pois      0%         N/A       100%        3
 Teleport Other           Tloc           0%         N/A       100%        3
 Tukima's Dance           Hex            0%         N/A       100%        3
 Vampiric Draining        Necr           0%         2d6       100%        3
 Animate Armour           Summ/Erth      0%         N/A       100%        4
 Animate Dead             Necr           0%         N/A       100%        4
 Cause Fear               Hex            0%         N/A       100%        4
 Corpse Rot               Necr/Pois/Air  0%         N/A       100%        4
 Dispel Undead            Necr           0%         3d6       100%        4
 Hailstorm                Conj/Ice       0%         3d3       100%        4
 Ice Form                 Ice/Tmut       0%         N/A       100%        4
 Passage of Golubria      Tloc           0%         N/A       100%        4
 Sticky Flame             Conj/Fire      0%         2d3       100%        4
 Summon Ice Beast         Ice/Summ       0%         N/A       100%        4
 Agony                    Necr           0%         N/A       100%        5
 Blade Hands              Tmut           0%         N/A       100%        5
 Manifold Assault         Tloc           0%         N/A       100%        5
 Summon Forest            Summ/Tloc      0%         N/A       100%        5
 Yara's Violent Unravell  Hex/Tmut       0%         3d3       100%        5
 Death Channel            Necr           0%         N/A       100%        6
 Dispersal                Tloc           0%         N/A       100%        6
 Eringya's Noxious Bog    Tmut/Pois      0%         N/A       100%        6
 Iron Shot                Conj/Erth      0%         9d1       100%        6
 Simulacrum               Ice/Necr       0%         N/A       100%        6
 Haunt                    Necr/Summ      0%         N/A       100%        7
 Storm Form               Tmut/Air       0%         N/A       100%        7
 Summon Hydra             Summ           0%         N/A       100%        7
 Discord                  Hex            0%         N/A       100%        8
 Infestation              Necr           0%         N/A       100%        8


Dungeon Overview and Level Annotations

Branches:
Dungeon (15/15)            Temple (1/1) D:7            Lair (5/5) D:10
 Shoals (0/4) Lair:3        Snake (4/4) Lair:2        Slime (0/5) Lair:4
    Orc (2/2) D:11            Elf (3/3) Orc:2        Vaults (0/5) D:13
 Depths (0/4) D:15        Ossuary (visited)          Bailey (visited)

Altars:
Ashenzari
Cheibriados
Fedhas
Gozag
Kikubaaqudgha
Nemelex Xobeh
Okawaru
Qazlal
Ru
Sif Muna
Wu Jian
Xom
Yredelemnul
Zin
The Shining One
Beogh

Shops:
D:2 (   D:6 *   D:7 ((*   D:8 (   D:9 [   Orc:2 **=(   Elf:2 ?   Elf:3 (
Snake:3 =:=   Snake:4 :

Portals:
Pandemonium: Orc:2

Annotations:
Lair:4 1 runed translucent door
Elf:1 6 runed translucent doors


Message History

The ghostly deep elf archer hits Nergalle with the +6 great mace of Sudden Death {vorpal, rElec rN++ Will+}!!
Garbold hits the ghostly deep elf archer from afar with the +5 spear of a Million Knives {vorpal, rN+}!
You swap places.
Your surroundings suddenly seem different.
A deep elf death mage, a deep elf annihilator, a deep elf sorcerer and a deep elf pyromancer come into view.
The deep elf pyromancer is wielding a +2 vorpal morningstar, wearing a +3 leather armour of positive energy, wearing an orb of light and carrying a wand of quicksilver (1).
Found twenty-eight items.
You feel very sick.
The deep elf death mage shouts!
The deep elf pyromancer shouts!
You hear a shout! x2
The deep elf pyromancer mumbles some strange words.
The deep elf pyromancer blinks!
The deep elf sorcerer casts a spell at you.
The bolt of acid hits you!
* * * LOW HITPOINT WARNING * * *
The acid corrodes you!
You hear a shout!
Okay, then.
Okay, then.
Okay, then.
Okay, then.
Press: ? - help, v - describe, . - travel, g - get item Item here: a piece from Xom's chessboard (15/15).
The floor.
This square is lit by a halo.
Okay, then.
Press: ? - help, v - describe, . - travel The floor.
As you read the scroll of teleportation, it crumbles to dust.
You feel strangely unstable.
You feel sick. Beogh accepts your kill.
You feel a bit more experienced.
The deep elf pyromancer zaps a wand.
The bolt of dispelling energy hits you but does no damage.
You feel strangely stable.
Your magical effects are unravelling.
The now-empty wand crumbles to dust.
The deep elf annihilator casts a spell at you.
The poison arrow hits you!!
You are lethally poisoned!
You die...

#..# ##.# ###
### #[)## )
##.e?)# ####
:|} ##.|.e!#
#..#
.)...#...|$:#
#.##
|..e.|.@..|#
#.##
#($...)..$##
#.##
##.)}..[$##
o..#
##).|)e##
#o## ##|([##
#o## ####
#..# ####


You could see a deep elf annihilator, a deep elf death mage, a deep elf sorcerer
and a deep elf pyromancer.

Vanquished Creatures
  Bai Suzhen (Elf:3)
  Vashnia (Snake:2)
  A deep elf blademaster (Elf:2)
  A deep elf master archer (Elf:3)
  The ghost of Rudyous the Warrior, an adept MiFi of Gozag (Snake:3)
  Donald (Orc:2)
  2 deep elf sorcerers
  A deep elf elementalist (Elf:3)
  A stone giant (D:15)
  2 deep elf demonologists
  Azrael (Orc:2)
  A deep elf high priest (Elf:1)
  A rakshasa (D:15)
  5 hydras
  A boulder beetle (D:11)
  A salamander tyrant (Snake:4)
  5 centaur warriors
  16 anacondas
  4 two-headed ogres
  16 dancing weapons
  11 naga warriors
  2 tengu warriors (D:15)
  7 death yaks
  2 orc high priests (Orc:2)
  17 naga sharpshooters
  Sonja (Lair:5)
  5 shock serpents
  9 deep elf knights
  A fire crab (Lair:4)
  5 salamander mystics
  A swamp dragon (shapeshifter) (Elf:2)
  8 naga ritualists
  3 lindwurms (Snake:4)
  8 deep elf archers
  An orc knight (Orc:2)
  13 deep elf zephyrmancers
  12 deep elf pyromancers
  An ugly thing (D:14)
  8 mana vipers
  24 salamanders
  4 cyclopes
  6 orc sorcerers
  A manticore (D:15)
  17 naga magi
  A rust devil (Orc:2)
  47 black mambas
  12 guardian serpents
  4 centaur skeletons (D:13)
  4 elephants (Lair:3)
  2 gargoyles (D:12)
  2 rime drakes
  16 cane toads
  A kobold demonologist (D:13)
  2 unseen horrors (D:12)
  9 komodo dragons
  A merfolk (Lair:3)
  2 trolls
  3 polar bears
  16 blink frogs
  A meliai zombie (D:13)
  3 slime creatures (D:12)
  4 dream sheep (Lair:4)
  2 shadows (D:12)
  A spriggan (Lair:2)
  An air elemental (Elf:1)
  3 wraiths
  3 wyverns
  2 water elementals (D:14)
  5 basilisks
  29 yaks
  A fire elemental (Elf:1)
  2 vampire mosquitoes (Lair:5)
  A neqoxec (Orc:2)
  A warg (Orc:1)
  8 water moccasins
  Edmund (D:6)
  2 acid dragons (D:13)
  37 nagas
  12 orc warriors
  4 black bears
  2 sky beasts (D:7)
  8 wolves
  4 boggarts (D:15)
  9 ogres
  A phantom (D:4)
  15 centaurs
  6 kobold brigands
  A gnoll sergeant (D:9)
  3 earth elementals
  9 bullfrogs
  2 scorpions
  11 wights
  7 killer bees (D:9)
  13 electric eels
  6 howler monkeys
  2 centaur zombies
  2 hounds
  2 human zombies (Ossuary)
  3 orc priests
  Crazy Yiuf (D:2)
  A gnoll bouda (D:7)
  4 jellies
  Ijyb (D:5)
  4 iguanas
  7 orc wizards
  3 hell rats
  3 mummies
  5 gnolls
  11 adders
  A white imp (D:6)
  An ufetubus (D:6)
  2 adder zombies (Ossuary)
  3 worms
  4 dart slugs
  12 orcs
  8 ball pythons
  7 giant cockroaches
  4 goblins
  5 hobgoblins
  3 jackals (D:2)
  5 quokkas
  4 bats
  2 frilled lizards
  2 goblin zombies (Ossuary)
  13 hobgoblin zombies (Ossuary)
  33 kobolds
  10 kobold zombies (Ossuary)
  8 orc zombies
  4 rats
752 creatures vanquished.

Vanquished Creatures (collateral kills)
  Gastronok (Lair:3)
  An orc warlord (Orc:1)
  A deep elf elementalist (Elf:1)
  The ghost of Ined the Severer, a journeyman MiBe of Trog (D:13)
  The ghost of Muataran the Cruncher, a journeyman PaFi of Makhleb (Lair:2)
  A deep elf death mage (Elf:3)
  A deep elf high priest (Elf:1)
  Erolcha (Orc:1)
  3 hydras
  A catoblepas (Lair:2)
  A centaur warrior (D:13)
  2 boulder beetles (Lair:4)
  A demonspawn (Orc:2)
  A tengu warrior (D:13)
  2 death yaks (Lair:5)
  20 dancing weapons
  3 orc high priests (Orc:2)
  A naga sharpshooter (Snake:2)
  8 deep elf knights
  Lodul (D:10)
  A salamander mystic (Snake:1)
  A skeletal warrior (D:13)
  16 deep elf zephyrmancers
  7 deep elf archers
  12 deep elf pyromancers
  3 orc knights (Orc:2)
  A mana viper (Snake:1)
  An orc sorcerer (Orc:2)
  4 ugly things (D:14)
  An oklob plant (Lair:2)
  6 cane toads
  A gargoyle (D:12)
  An orange demon (Orc:2)
  6 komodo dragons
  3 yaktaurs (D:13)
  3 trolls
  2 tyrant leeches (Lair:5)
  A polar bear (Lair:5)
  A slime creature (D:12)
  2 dream sheep (Lair:4)
  A dream sheep (shapeshifter) (Elf:1)
  11 blink frogs
  An air elemental (Elf:2)
  Sigmund (D:6)
  A wraith (D:12)
  2 water elementals
  10 yaks
  A wyvern (Lair:5)
  3 vampire mosquitoes (Lair:5)
  A basilisk (Lair:5)
  2 fire elementals (Orc:2)
  5 wargs
  An acid dragon (D:10)
  4 water moccasins
  3 hell hounds (Orc:2)
  7 orc warriors
  A sky beast (D:7)
  A wolf (Lair:2)
  A boggart (D:15)
  6 ogres
  7 centaurs
  3 kobold brigands (D:13)
  6 bullfrogs
  A scorpion (Lair:2)
  An earth elemental (Elf:2)
  A wight (D:7)
  A killer bee (D:9)
  An electric eel (Lair:5)
  7 orc priests
  5 iguanas
  4 orc wizards
  2 hell rats
  2 gnolls (D:9)
  14 orcs
  4 goblins (D:9)
  2 kobolds (D:8)
  A bush (D:8)
250 creatures vanquished.

Vanquished Creatures (others)
  3 orc high priests
  A deep elf knight (Elf:3)
  8 orc knights
  24 orc warriors
  2 orc sorcerers
  A neqoxec (Orc:2)
  21 orc priests
  19 orc wizards
  59 orcs
  An endoplasm (D:3)
  33 fungi
  110 plants
  2 withered plants (Lair:2)
284 creatures vanquished.

Grand Total: 1286 creatures vanquished

Notes
Turn   | Place    | Note
-------+----------+-------------------------------------------
     0 | D:1      | whiskeysaurus the Hill Orc Monk began the quest for the
                  | Orb.
     0 | D:1      | Reached XP level 1. HP: 19/19 MP: 1/1
   265 | D:1      | Reached XP level 2. HP: 27/27 MP: 2/2
   784 | D:1      | Reached skill level 1 in Armour
  1045 | D:2      | Reached skill level 4 in Fighting
  1045 | D:2      | Reached XP level 3. HP: 33/33 MP: 3/3
  1067 | D:2      | Identified the +12 trident of Conservatism {vorpal, rC+
                  | MP+9 Str+7 Int-3}
  1276 | D:2      | Found Linummaf's Weapon Shoppe.
  1361 | D:2      | Reached skill level 1 in Polearms
  1361 | D:2      | Reached XP level 4. HP: 41/41 MP: 4/4
  1479 | D:2      | Found a faded altar of an unknown god.
  1610 | D:2      | Found a runed translucent door.
  1611 | D:2      | Noticed Crazy Yiuf
  1617 | D:2      | Killed Crazy Yiuf
  1618 | D:2      | Reached XP level 5. HP: 34/47 MP: 5/5
  1792 | D:3      | Became a worshipper of Beogh the Brigand
  1792 | D:3      | Reached * piety under Beogh
  1792 | D:3      | Reached ** piety under Beogh
  1837 | D:3      | Found a glowing golden altar of the Shining One.
  1986 | D:3      | Found a shimmering altar of Xom.
  1994 | D:3      | Reached skill level 5 in Fighting
  2164 | D:3      | Reached skill level 1 in Evocations
  2181 | D:3      | Reached XP level 6. HP: 56/56 MP: 6/6
  2206 | D:3      | Found a broken altar of Ashenzari.
  2240 | D:3      | Reached skill level 1 in Invocations
  2575 | D:4      | Found a sand-covered staircase.
  2583 | Ossuary  | Entered an ossuary
  2722 | Ossuary  | Reached *** piety under Beogh
  2773 | Ossuary  | Reached XP level 7. HP: 61/62 MP: 8/8
  3239 | D:5      | Entered Level 5 of the Dungeon
  3264 | D:5      | Noticed Ijyb
  3268 | D:5      | Killed Ijyb
  3293 | D:5      | Found a glowing silver altar of Zin.
  3333 | D:5      | Reached skill level 6 in Fighting
  3469 | D:5      | Reached XP level 8. HP: 71/71 MP: 11/11
  3729 | D:5      | Found the +14 obsidian axe {vorpal, Mesm Drain Fly SInv}
  3959 | D:5      | Found a sparkling altar of Nemelex Xobeh.
  3959 | D:5      | Found a transporter.
  3959 | D:5      | Noticed a hornet
  4134 | D:6      | Found Huarak's Humungous Hoard.
  4328 | D:6      | Reached skill level 5 in Armour
  4395 | D:6      | Reached skill level 7 in Fighting
  4395 | D:6      | Reached skill level 5 in Polearms
  4747 | D:6      | Reached skill level 5 in Invocations
  4757 | D:6      | Noticed Edmund
  4763 | D:6      | Killed Edmund
  4782 | D:6      | Noticed Sigmund
  4784 | D:6      | Killed Sigmund
  4819 | D:6      | Found an iron altar of Okawaru.
  4835 | D:6      | Reached **** piety under Beogh
  5017 | D:7      | Found Xafi's Weapon Shoppe.
  5033 | D:7      | Found a staircase to the Ecumenical Temple.
  5080 | D:7      | Reached XP level 9. HP: 72/81 MP: 13/13
  5160 | D:7      | Reached skill level 8 in Fighting
  5199 | D:7      | Found Xeuluido's Antique Weapon Shop.
  5255 | Temple   | Entered the Ecumenical Temple
  6277 | D:7      | Found Ceuk's Assorted Antiques.
  7089 | D:8      | Found an opulent altar of Gozag.
  7105 | D:8      | Found a sacrificial altar of Ru.
  7126 | D:8      | Identified the +9 plate armour of Kykogu {Will+}
  7134 | D:8      | Noticed a two-headed ogre
  7139 | D:8      | Reached skill level 9 in Fighting
  7149 | D:8      | Killed a two-headed ogre
  7150 | D:8      | Reached XP level 10. HP: 32/91 MP: 16/16
  7854 | D:8      | Found Dutety's Weapon Shoppe.
  8046 | D:9      | Found Ijisogif's Antique Armour Shop.
  8224 | D:9      | Noticed a two-headed ogre
  8228 | D:9      | Killed a two-headed ogre
  8413 | D:9      | Reached skill level 10 in Fighting
  8434 | D:9      | Found a flagged portal.
  8444 | Bailey   | Entered a bailey
  8499 | Bailey   | Gained Bogmar as an ally
  8561 | Bailey   | Found the +9 staff of Olgreb {rPois∞}
  8562 | Bailey   | Found a bloodstained altar of Trog.
  8831 | D:9      | Found a shimmering blue altar of Sif Muna.
  9027 | D:10     | Entered Level 10 of the Dungeon
  9027 | D:10     | Found an ornate altar of the Wu Jian Council.
  9042 | D:10     | Noticed Lodul
  9047 | D:10     | Reached skill level 10 in Invocations
  9047 | D:10     | Reached XP level 11. HP: 101/101 MP: 18/18
  9051 | D:10     | Noticed a two-headed ogre
  9065 | D:10     | Killed a two-headed ogre
  9066 | D:10     | Your ally Bogmar died
  9069 | D:10     | Killed Lodul
  9076 | D:10     | Reached skill level 11 in Fighting
  9261 | D:10     | Found a staircase to the Lair.
  9263 | D:10     | Found a stormy altar of Qazlal.
  9282 | D:10     | Found a blossoming altar of Fedhas.
  9351 | D:10     | Reached ***** piety under Beogh
  9601 | D:10     | Found an ancient bone altar of Kikubaaqudgha.
  9774 | D:11     | Found a roughly hewn altar of Beogh.
  9774 | D:11     | Found a staircase to the Orcish Mines.
  9979 | D:11     | Noticed a two-headed ogre
  9985 | D:11     | Killed a two-headed ogre
 10335 | D:11     | Noticed a boulder beetle
 10353 | D:11     | Killed a boulder beetle
 10354 | D:11     | Reached skill level 10 in Armour
 10812 | D:11     | Noticed an eight-headed hydra
 10857 | Lair:1   | Entered Level 1 of the Lair of Beasts
 11018 | Lair:1   | Reached skill level 10 in Polearms
 11435 | Lair:1   | Reached skill level 12 in Fighting
 11461 | Lair:1   | Reached XP level 12. HP: 81/112 MP: 20/20
 12567 | Lair:2   | Noticed a seven-headed hydra
 12572 | Lair:2   | Killed a seven-headed hydra
 12629 | Lair:2   | Noticed a catoblepas
 12634 | Lair:2   | Gained Bogbrand as an ally
 12636 | Lair:2   | Noticed an eight-headed hydra
 12646 | Lair:2   | Killed a catoblepas
 12651 | Lair:2   | Your ally Bogbrand died
 12659 | Lair:2   | HP: 1/113 [eight-headed hydra (5)]
 12659 | Lair:2   | Killed an eight-headed hydra
 13152 | Lair:2   | Found a runed translucent door.
 13152 | Lair:2   | Noticed Muataran's ghost (journeyman PaFi)
 13152 | Lair:2   | Noticed a death yak
 13154 | Lair:2   | Noticed a death yak
 13154 | Lair:2   | Noticed a death yak
 13254 | Lair:2   | Gained Ortolf as an ally
 13771 | Lair:2   | Found a staircase to the Snake Pit.
 13949 | Lair:2   | Noticed a death yak
 13949 | Lair:2   | Noticed a death yak
 13953 | Lair:2   | Noticed a death yak
 13959 | Lair:2   | Your ally Ortolf died
 13963 | Lair:2   | Killed a death yak
 13965 | Lair:2   | Killed a death yak
 13987 | Lair:1   | Killed a death yak
 14001 | Lair:1   | Killed a death yak
 14002 | Lair:1   | Reached skill level 13 in Fighting
 14628 | Lair:1   | Killed a death yak
 14629 | Lair:1   | Reached skill level 1 in Shields
 14959 | Lair:2   | Killed a death yak
 15380 | Lair:3   | Reached XP level 13. HP: 113/122 MP: 23/23
 15569 | Lair:3   | Found a snail-covered altar of Cheibriados.
 15968 | Lair:3   | Noticed Gastronok
 16104 | Lair:3   | Noticed Urug
 16379 | Lair:3   | Killed Gastronok
 16670 | Lair:3   | Found a staircase to the Shoals.
 17794 | Lair:4   | Reached skill level 14 in Fighting
 17803 | Lair:4   | Reached skill level 5 in Shields
 18163 | Lair:4   | Found a runed translucent door.
 18206 | Lair:4   | Found a staircase to the Slime Pits.
 18425 | Lair:5   | Entered Level 5 of the Lair of Beasts
 18451 | Lair:5   | Noticed Sonja
 18473 | Lair:5   | Killed Sonja
 18950 | Lair:5   | Reached XP level 14. HP: 107/133 MP: 24/24
 19345 | Lair:5   | Identified the +5 morningstar "Cowaept" {pain, Str+5}
 19433 | Lair:5   | Reached ****** piety under Beogh
 19535 | Lair:5   | Identified the +1 leather armour of the Catfish {rPois
                  | Will- Dex+9 Stlth-}
 20026 | Lair:5   | Reached skill level 15 in Invocations
 20510 | Lair:2   | Killed Muataran's ghost
 21306 | D:11     | You fall into a shaft and drop 1 floor!
 22478 | D:12     | Reached skill level 15 in Fighting
 22907 | D:13     | Gained Bogbrand as an ally
 23200 | D:13     | Your ally Bogbrand died
 23920 | D:13     | Found a runed translucent gate.
 23920 | D:13     | Found a runed translucent gate.
 23920 | D:13     | Found a runed translucent gate.
 23920 | D:13     | Noticed Ined's ghost (journeyman MiBe)
 23922 | D:13     | Found a basalt altar of Yredelemnul.
 23945 | D:13     | Killed Ined's ghost
 24167 | D:13     | Found a gate to the Vaults.
 25008 | D:14     | Reached XP level 15. HP: 119/141 MP: 26/26
 25561 | D:15     | Entered Level 15 of the Dungeon
 25987 | D:15     | Found a staircase to the Depths.
 27224 | Snake:1  | Entered Level 1 of the Snake Pit
 28404 | Snake:1  | Reached skill level 16 in Fighting
 31001 | Snake:1  | Gained Judas as an ally
 31727 | Snake:2  | Gained Wulfoc as an ally
 31823 | Snake:2  | Your ally Wulfoc died
 31830 | Snake:2  | Reached XP level 16. HP: 127/152 MP: 28/28
 31948 | Snake:2  | Gained Wulfoc as an ally
 32089 | Snake:2  | Gained Wardok as an ally
 32096 | Snake:2  | Your ally Wardok died
 32374 | Snake:2  | Noticed Vashnia
 32410 | Snake:2  | Gained Bogmar as an ally
 32427 | Snake:2  | Killed Vashnia
 32428 | Snake:2  | Reached skill level 10 in Shields
 33767 | Snake:2  | Reached skill level 15 in Armour
 33973 | Snake:3  | Reached skill level 15 in Polearms
 34869 | Snake:3  | Reached skill level 17 in Fighting
 35085 | Snake:3  | Found a runed translucent gate.
 35085 | Snake:3  | Noticed Rudyous's ghost (adept MiFi)
 35086 | Snake:3  | Found a runed translucent gate.
 35086 | Snake:3  | Found a runed translucent gate.
 35123 | Snake:3  | Killed Rudyous's ghost
 35433 | Snake:3  | Found Luahy's Jewellery Boutique.
 35433 | Snake:3  | Found Qeunnesk's Book Shoppe.
 35434 | Snake:3  | Found Onijy's Jewellery Boutique.
 35893 | Snake:4  | Entered Level 4 of the Snake Pit
 37897 | Snake:4  | Identified the +1 scale mail of Heniynkydgh {rF- Will+
                  | Regen+}
 37898 | Snake:4  | Found Iptilliw's Book Emporium.
 38622 | Snake:4  | Reached XP level 17. HP: 116/162 MP: 30/30
 41095 | Snake:4  | Got a serpentine rune of Zot
 41420 | Orc:1    | Entered Level 1 of the Orcish Mines
 41422 | Orc:1    | Noticed Erolcha
 41429 | Orc:1    | Killed Erolcha
 41440 | Orc:1    | Noticed Nergalle
 41778 | Orc:1    | Your ally Judas died
 42378 | Orc:2    | Entered Level 2 of the Orcish Mines
 42665 | Orc:2    | Found a staircase to the Elven Halls.
 42952 | Orc:2    | Noticed Donald
 42960 | Orc:2    | Killed Donald
 43662 | Orc:2    | Found Vaakk's General Store.
 43663 | Orc:2    | Found Reic Ido's General Store.
 43664 | Orc:2    | Noticed Azrael
 43677 | Orc:2    | Killed Azrael
 43679 | Orc:2    | Gained Margrim as an ally
 43755 | Orc:2    | Bought 2 potions of heal wounds for 140 gold pieces
 43816 | Orc:2    | Reached skill level 18 in Fighting
 43828 | Orc:2    | Your ally Margrim died
 44004 | Orc:2    | Found Qipnotho's Antique Weapon Emporium.
 44004 | Orc:2    | Found Zuumecsie's Jewellery Shoppe.
 44005 | Orc:2    | Found a one-way gate leading to the halls of Pandemonium.
 44007 | Orc:2    | Bought a bloodstained spear for 248 gold pieces
 44007 | Orc:2    | Identified the +5 spear of a Million Knives {vorpal, rN+}
                  | (You bought it in a shop on level 2 of the Orcish Mines)
 44720 | Elf:1    | Entered Level 1 of the Elven Halls
 44733 | Elf:1    | Your ally Wulfoc died
 46160 | Elf:1    | Noticed an Ice Fiend
 46737 | Elf:1    | Found a runed translucent gate.
 46737 | Elf:1    | Found a runed translucent gate.
 46737 | Elf:1    | Found a runed translucent gate.
 46737 | Elf:1    | Found a runed translucent gate.
 46737 | Elf:1    | Found a runed translucent gate.
 46737 | Elf:1    | Found a runed translucent gate.
 47294 | Elf:2    | Reached XP level 18. HP: 173/173 MP: 31/31
 47433 | Elf:2    | Found Fuogaiz's Magic Scroll Emporium.
 47746 | Elf:2    | Bought a scroll of blinking for 157 gold pieces
 48061 | Elf:2    | Noticed an Ice Fiend
 48187 | Elf:2    | Paralysed by an air elemental for 1 turns
 48190 | Elf:2    | Paralysed by an air elemental for 1 turns
 48191 | Elf:2    | Gained Garbold as an ally
 48569 | Elf:2    | Reached skill level 5 in Evocations
 48771 | Elf:2    | Found a runed translucent gate.
 48772 | Elf:2    | Found a runed translucent gate.
 48772 | Elf:2    | Found a runed translucent gate.
 49276 | Elf:2    | Noticed a deep elf blademaster
 49280 | Elf:2    | Killed a deep elf blademaster
 49281 | Elf:2    | Reached skill level 5 in Dodging
 50086 | Elf:3    | Entered Level 3 of the Elven Halls
 50194 | Elf:3    | Noticed Bai Suzhen
 50198 | Elf:3    | Killed Bai Suzhen
 50923 | Elf:3    | Found Bifaehu's Antique Weapon Shop.
 51153 | Elf:3    | Reached skill level 19 in Fighting
 51154 | Elf:3    | Gained Murdo as an ally
 51747 | Elf:3    | Identified the +6 great mace of Sudden Death {vorpal, rElec
                  | rN++ Will+}
 51747 | Elf:3    | Identified the amulet of Happiness {Spirit rCorr Str+2}
 51752 | Elf:3    | Noticed a deep elf master archer
 51755 | Elf:3    | Killed a deep elf master archer
 51760 | Elf:3    | Noticed a deep elf blademaster
 51763 | Elf:3    | Killed from afar by a deep elf annihilator

Illustrated notes

Levels and vault maps discovered:
D:1:      dpeg_arrival_more_subterranean_lakeside_camping, layout_loops_corners
D:2:      layout_loops_cross, ebering_ecumenical_altar_abandoned, serial_shops,
          shop, uniq_crazy_yiuf_cottage
D:3:      layout_basic, mainiacjoe_overflow_cross_hatched,
          mainiacjoe_overflow_alcove_1, nicolae_tso_carved_into_rock,
          corexii_hall_statues_l
D:4:      layout_basic, nicolae_ossuary_entry_giza, hangedman_decor_riveting,
          dk_noncrumbling_4
D:5:      layout_layer_cave, mainiacjoe_overflow_brackets,
          grunt_nemelex_the_gamble, uniq_ijyb
D:6:      layout_loops_ring, kennysheep_little_box, nicolae_alphabet_shops,
          sigmund_edmund_badplayer
D:7:      hellmonk_crumbling_castle, layout_basic, serial_shops,
          nicolae_stop_n_shop_2, kennysheep_mini, nicolae_shop_statue_plus,
          serial_bayou_lake_a
D:8:      layout_loops_ring, nicolae_gozag_cash_rules_everything_around_me,
          mainiacjoe_overflow_boulevard, serial_shops,
          nicolae_shop_bloodbath_and_beyond
D:9:      layout_basic, kennysheep_mini_moat, serial_shops, shop, enter_bailey_3
D:10:     layout_cave_pools, mainiacjoe_overflow_chevrons,
          mainiacjoe_overflow_concentric_impassable, lemuel_crystal_altar,
          nicolae_qazlal_scattered_showers, lair_entry_dummy, st_stairs_8,
          uniq_lodul
D:11:     layout_grid_maze, david_orc_5
D:12:     layout_loops_ring, serial_park_tiny_2,
          minmay_fractal_squares_gapless_5
D:13:     layout_rooms, hangedman_vaults_entry_quadrant_bands,
          nicolae_yredelemnul_ghost_church
D:14:     layout_basic, minmay_misc_feat_iff
D:15:     grunt_enter_depths_snipers, layout_basic, nicolae_cairo_tiling_large,
          roderic_three_in_a_row
Temple:   kb_temple_of_zot
Lair:1:   beast_lair_carwin_large_4, layout_cave_pods, wad_woods_road_03,
          serial_bayou_lagoon_b
Lair:2:   layout_regular_city, guppyfry_snake_entry_garden,
          gammafunk_ghost_grave, grunt_forest_stairs_clearing,
          grunt_megastairs_3
Lair:3:   layout_cave_pods, elwin_shoals_entry_rooms, basic_altar, uniq_urug,
          uniq_gastronok
Lair:4:   nzn_winding_woodlands_small
          [nzn_winding_woodlands_5x15_pathside_ponds,
          nzn_winding_woodlands_center_lodge,
          nzn_winding_woodlands_5x15_lazy_stream], layout_small_grid,
          slime_entry_2
Lair:5:   minmay_lair_end_frog_pond, layout_layer_cave, uniq_sonja
Snake:1:  layout_layer_cave
Snake:2:  layout_grid_shapes, nicolae_triple_integral, serial_bayou_shore_b,
          uniq_vashnia
Snake:3:  layout_layer_cave, ebering_ghost_rock_garden, guppyfry_library_mini,
          minmay_shop_grove
Snake:4:  snake_pit_salamanders_mu, layout_misc_corridors, serial_shops,
          nicolae_square_shop
Orc:1:    layout_caves, uniq_erolcha, uniq_nergalle
Orc:2:    pf_orc_diabolical, layout_diamond_mine, lightli_orcish_oven,
          uniq_donald, uniq_azrael
Elf:1:    elf_arrival_001, layout_loops_corners, orc_legates
Elf:2:    nicolae_elf_blades_crystal_corner, layout_gridlike, serial_shops,
          nicolae_shop_waterfront
Elf:3:    grunt_elf_hall_asides, layout_loops_corners, serial_shops,
          nicolae_shop_hallway_stairs, uniq_bai_suzhen

Skill      XL: |  1  2  3  4  5  6  7  8  9 10 11 12 13 14 15 16 17 18 |
---------------+-------------------------------------------------------+-----
Armour         | 1 2 3 4 6 7 8 10 11 12 13 14 15 16 | 16.0
Fighting       | 4 5 6 7 9 10 12 13 14 15 16 17 18 19 | 19.0
Polearms       | 1 2 3 4 5 7 8 10 11 12 13 14 15 16 17 | 17.2
Evocations     | 1 4 6 |  6.4
Invocations    | 2 4 6 8 10 11 13 14 15 16 18 | 18.5
Shields        | 2 5 8 9 11 12 13 | 13.4
Dodging        | 4 5 |  5.7
Axes           | |  4.8
Stealth        | |  1.5

Action                   |  1- 3 |  4- 6 |  7- 9 | 10-12 | 13-15 | 16-18 || total
-------------------------+-------+-------+-------+-------+-------+-------++-------
Melee: Hand axe          |    50 |       |       |       |       |       ||    50
       Trident           |    12 |   103 |   175 |   392 |  1022 |  1153 ||  2857
       Punch             |       |       |       |     1 |     4 |       ||     5
Throw: Stone             |     5 |       |       |       |       |       ||     5
       Boomerang         |       |       |       |       |       |     1 ||     1
Invok: Convert to Beogh  |       |     1 |       |       |       |       ||     1
       Smiting           |       |       |       |     9 |     2 |    23 ||    34
       Recall Orcish Fol |       |       |       |     1 |       |     3 ||     4
       Give Item to Name |       |       |       |       |     1 |     6 ||     7
Evoke: Wand              |       |       |       |       |     7 |     1 ||     8
  Use: Scroll            |       |       |     9 |    16 |     9 |     8 ||    42
       Potion            |       |       |       |       |     4 |     7 ||    11
 Stab: Sleeping          |     1 |       |       |       |       |       ||     1
       Fleeing           |       |       |       |     1 |       |       ||     1
       Petrified         |       |       |       |     1 |       |       ||     1
       Distracted        |       |       |       |       |     5 |    10 ||    15
Armor: Robe              |    18 |       |       |       |       |       ||    18
       Ring mail         |     8 |     9 |       |       |       |       ||    17
       Chain mail        |       |    12 |    38 |       |       |       ||    50
       Plate armour      |       |       |       |   233 |   580 |   479 ||  1292
       Skin              |       |       |       |       |    14 |       ||    14
Dodge: Dodged            |    37 |    25 |    45 |   103 |   270 |   221 ||   701
Block: Kite shield       |       |       |       |       |   304 |   430 ||   734
       Reflection        |       |       |       |       |       |    24 ||    24
